 Dungeon Crawl Stone Soup version 0.30.0-5-g1a98f26d00 (webtiles) character file.

Game seed: 973850276425293304

123 backslashecho the Insei (level 5, 0/26 HPs)
             Began as a Vine Stalker Transmuter on May 8, 2023.
             Slain by a gnoll
             ... wielding a +0 spear
              (4 damage)
             ... on level 3 of the Dungeon.
             The game lasted 00:05:47 (1200 turns).

backslashecho the Insei (Vine Stalker Transmuter)   Turns: 1200, Time: 00:05:48

Health: 0/26       AC:  3    Str: 12    XL:     5   Next: 7%
Magic:  0/9        EV: 12    Int: 15    God:
Gold:   59         SH:  0    Dex: 15    Spells: 7/8 levels left

rFire   . .          .
                       - Unarmed
rCold   . . .        (no shield)
rNeg    . . .        a - +0 robe
rPois   +            (helmet currently unavailable)
rElec   .            (no cloak)
rCorr   .            e - +0 pair of gloves
SInv    .            (boots currently unavailable)
Will    .....        (no amulet)
Stlth   +            h - ring of poison resistance
HPRegen 1.04/turn    (no ring)
MPRegen 0.11/turn

%: guardian spirit
@: appendages (expiring)
A: horns 2, talons 2, fangs 2, regeneration 1, magic shield, antimagic bite, no
potion heal 2
a: End Transformation


You were on level 3 of the Dungeon.
You had temporarily grown beastly horns and talons.
You visited 1 branch of the dungeon, and saw 3 of its levels.

You collected 124 gold pieces.
You spent 65 gold pieces at shops.

Inventory:

Armour
 a - a +0 robe (worn)
 e - a +0 pair of gloves (worn)
Jewellery
 h - a ring of poison resistance (left hand)
Scrolls
 d - 2 scrolls of fog {unknown}
 i - a scroll of vulnerability {unknown}
 j - 2 scrolls of teleportation
 k - a scroll of brand weapon {unknown}
Potions
 b - 2 potions of lignification
 c - a potion of magic {unknown}
 f - 2 potions of berserk rage {unknown}
 g - 4 potions of haste


   Skills:
 + Level 2.0 Fighting
 - Level 2.0 Dodging
 * Level 4.1 Unarmed Combat
 - Level 2.1 Spellcasting
 * Level 3.2 Transmutations


You had 7 spell levels left.
You knew the following spells:

 Your Spells              Type           Power      Damage    Failure   Level
a - Beastly Appendage     Tmut           22%        N/A       6%          1

Your spell library contained the following spells:

 Spells                   Type           Power      Damage    Failure   Level
 Wereblood                Tmut           11%        N/A       9%          2
 Freeze                   Ice            4%         1d3       22%         1
 Spider Form              Tmut/Pois      6%         N/A       32%         3
 Frozen Ramparts          Ice            2%         1d1       54%         3
 Hailstorm                Conj/Ice       1%         3d3       54%         3
 Ice Form                 Ice/Tmut       6%         N/A       73%         4


Dungeon Overview and Level Annotations

Branches:
Dungeon (3/15)

Altars:
Fedhas

Shops:
D:1 [   D:2 ?


Innate Abilities, Weirdness & Mutations

You have temporarily grown beastly horns and talons.
You have extremely sharp teeth.
Your natural rate of healing is unusually fast.
When hurt, damage is shared between your health and your magic reserves.
Your bite disrupts and absorbs the magic of your enemies.
Potions cannot restore your health.


Message History

The gnoll barely misses you.
You take 1 damage, and have 6/23 hp.
You hit the gnoll.
The gnoll is severely wounded.
The gnoll hits you but does no damage. x2
Casting: Beastly Appendage (safe; 6% risk of failure)
Confirm with . or Enter, or press ? or * to list all spells.
You grow a pair of large bovine horns.
Your feet morph into talons.
The gnoll hits you with a +0 whip.
* * * LOW HITPOINT WARNING * * *
The gnoll closely misses you.
You take 1 damage, and have 6/23 hp.
You now have 1/8 mp.
You punch the gnoll!
You kill the gnoll!
The adder misses you. The gnoll barely misses you.
You miss the adder. You bite the adder. You drain its power.
You feel invigorated.
The adder is almost dead.
The adder bites you but does no damage. The gnoll closely misses you.
The gnoll barely misses you.
You hit the adder but do no damage. Your kick misses the adder.
You punch the adder.
You kill the adder!
Your transformation is almost over.
You have reached level 5!
You regained 2 hp, and now have 10/26 hp.
You see here a frilled lizard corpse.
You aren't carrying any items that you can evoke.
The gnoll misses you.
The gnoll hits you from afar with a +0 spear!
* * * LOW HITPOINT WARNING * * *
You take 6 damage, and have 5/26 hp.
MASSIVE DAMAGE!!
You now have 1/9 mp.
You hit the gnoll. You bite the gnoll. You drain its power.
You feel invigorated.
The gnoll is moderately wounded.
The gnoll barely misses you. The gnoll closely misses you.
You regained 3 mp, and now have 4/9 mp.
You closely miss the gnoll. Your headbutt misses the gnoll. You bite the gnoll.
You drain its power.
You feel invigorated.
The gnoll is moderately wounded.
The gnoll hits you with a +0 spear.
* * * LOW HITPOINT WARNING * * *
The gnoll barely misses you.
You hit the gnoll. You claw the gnoll, but do no damage.
Your headbutt misses the gnoll. Your bite misses the gnoll.
The gnoll is heavily wounded.
The gnoll hits you with a +0 spear.
* * * LOW HITPOINT WARNING * * *
The gnoll hits you from afar with a +0 spear!
You die...

####### ......# ......#
######## ......# #......#
......####### #......#
...........[### #......#
......####....## #......#
......# #......###r...†.#
......##.......†@ggg....#
......##.......########........
########...>...# #..!..... #
##........ ##.##.... #
#>......## gg ... ## #.......#
..♣ .. .## #.......# ... # ..##
#.....# ♣.>. ...#


You could see 3 gnolls and a rat.

Vanquished Creatures
  Jessica (D:2)
  2 adders
  A gnoll (D:3)
  2 worms
  A dart slug (D:2)
  3 orcs (D:2)
  8 endoplasms
  2 giant cockroaches
  3 goblins
  3 hobgoblins
  6 jackals
  5 quokkas
  4 ball pythons
  4 bats
  4 frilled lizards
  2 kobolds
  7 rats
58 creatures vanquished.

Notes
Turn   | Place    | Note
-------+----------+-------------------------------------------
     0 | D:1      | backslashecho the Vine Stalker Transmuter began the quest
                  | for the Orb.
     0 | D:1      | Reached XP level 1. HP: 9/9 MP: 4/4
     7 | D:1      | Found Oroatim's Antique Armour Boutique.
    68 | D:1      | Reached skill level 1 in Fighting
    97 | D:1      | Reached XP level 2. HP: 11/14 MP: 4/6
   324 | D:1      | Reached XP level 3. HP: 18/18 MP: 4/7
   577 | D:2      | Noticed Jessica
   586 | D:2      | Killed Jessica
   587 | D:2      | Gained mutation: Your natural rate of healing is unusually
                  | fast. [Vine Stalker growth]
   587 | D:2      | Reached XP level 4. HP: 23/23 MP: 8/8
   698 | D:2      | Found Aqafim's Magic Scroll Emporium.
   730 | D:2      | Bought a scroll of identify for 26 gold pieces
   730 | D:2      | Bought a scroll of teleportation for 39 gold pieces
   810 | D:2      | Found a faded altar of an unknown god.
  1091 | D:3      | Found a blossoming altar of Fedhas.
  1143 | D:3      | Reached skill level 4 in Unarmed Combat
  1196 | D:3      | Reached XP level 5. HP: 10/26 MP: 2/9
  1200 | D:3      | Slain by a gnoll

Illustrated notes

Levels and vault maps discovered:
D:1:      giann_bridges, layout_rooms, serial_shops, shop
D:2:      layout_rooms, serial_shops, nicolae_shop_tiny_glass,
          shapermc_ecumenical_altar_mp_highgroup, uniq_jessica
D:3:      layout_rooms, fedhas_altar_1, serial_shops, nicolae_shop_waterfront,
          grunt_ministairs_7, grunt_decor_fettered

Skill      XL: |  1  2  3  4 |
---------------+-------------+-----
Fighting       | 1 2 |  2.0
Dodging        | 2 |  2.0
Transmutations | 3 |  3.2
Unarmed Combat | 4 |  4.1
Spellcasting   | |  2.1

Action                     |  1- 3 |  4- 6 || total
---------------------------+-------+-------++-------
  Melee: Unarmed           |    58 |    75 ||   133
         Headbutt          |    12 |    13 ||    25
         Bite              |    15 |    14 ||    29
         Kick              |    10 |    15 ||    25
         Punch             |       |     3 ||     3
   Cast: Beastly Appendage |    11 |     8 ||    19
    Use: Scroll            |       |     2 ||     2
   Stab: Sleeping          |       |     2 ||     2
 Armour: Robe              |    21 |    22 ||    43
  Dodge: Dodged            |    34 |    53 ||    87
